 Dungeon Crawl Stone Soup version 0.27-a0-1281-ge233d83751 (console) character file.

Game seed: 13467289689666789751

158 Hector the Chopper (level 5, 0/32 HPs)
             Began as a Gargoyle Abyssal Knight on June 13, 2021.
             Was a Believer of Lugonu.
             Slain by a river rat (4 damage)
             ... in a sewer.
             The game lasted 00:09:09 (2959 turns).

Hector the Chopper (Gargoyle Abyssal Knight)        Turns: 2959, Time: 00:09:10

Health: 0/32       AC: 12    Str: 13 (16) XL:     5   Next: 40%
Magic:  6/6        EV:  9    Int: 12 (13) God:    Lugonu [**....]
Gold:   104        SH:  3    Dex:  8 (9)  Spells: 4/4 levels left

rFire    . . .     SeeInvis .   a - +1 hand axe
rCold    . . .     Faith    .   i - +0 buckler
rNeg     + . .     Spirit   .   s - +0 ring mail
rPois    ∞         Reflect  .   h - +2 helmet
rElec    +         Harm     .   (no cloak)
rCorr    .         Rampage  .   (no gloves)
Will     .....                  (no boots)
Stlth    ..........             (no amulet)
HPRegen  0.10/turn              (no ring)
MPRegen  0.10/turn              (no ring)

@: very slow
A: sickness immunity, AC +4, negative energy resistance 1, electricity
resistance, torment resistance 1, petrification resistance
a: Renounce Religion, Depart the Abyss, Bend Space


You were in a sewer.
You worshipped Lugonu.
Lugonu was pleased with you.
You visited 1 branch of the dungeon, and saw 3 of its levels.
You visited the Abyss 1 time.
You also visited: Sewer.

You collected 104 gold pieces.

Inventory:

Hand Weapons
 a - a +1 hand axe (weapon)
Missiles
 f - 43 stones
 r - 5 silver boomerangs
Armour
 b - a +0 leather armour
 h - a +2 helmet (worn)
 i - a +0 buckler (worn)
 q - a +2 hat
 s - a +0 ring mail (worn)
Scrolls
 c - a scroll of enchant weapon {unknown}
 d - 2 scrolls of amnesia {unknown}
 e - a scroll of fog {unknown}
 g - 2 scrolls of brand weapon {unknown}
 j - a scroll of torment {unknown}
 k - a scroll of teleportation {unknown}
 l - a scroll of identify {unknown}
Potions
 m - a potion of heal wounds {unknown}
 n - a potion of curing
 o - a potion of degeneration
 p - a potion of mutation {unknown}


   Skills:
 + Level 3.5 Fighting
 * Level 4.3 Axes
 + Level 2.5 Armour
 + Level 0.9 Dodging
 + Level 0.9 Shields
 * Level 2.4 Invocations


You had 4 spell levels left.
You didn't know any spells.
Your spell library contained the following spells:

 Spells                   Type           Power      Damage    Failure   Level
 Foxfire                  Conj/Fire      0%         2x1d4     71%         1
 Magic Dart               Conj           0%         1d3       71%         1
 Blink                    Tloc           N/A        N/A       83%         2
 Call Imp                 Summ           0%         N/A       83%         2
 Slow                     Hex            0%         N/A       83%         2
 Conjure Flame            Conj/Fire      0%         6-21      97%         3
 Inner Flame              Hex/Fire       0%         N/A       97%         3
 Mephitic Cloud           Conj/Pois/Air  0%         N/A       97%         3
 Sticky Flame             Conj/Fire      0%         2d3       100%        4
 Fireball                 Conj/Fire      0%         3d3       100%        5


Dungeon Overview and Level Annotations

Branches:
Dungeon (3/15)              Sewer (1/1)

Altars:
Beogh

Shops:
D:2 !

Annotations:
D:2 Sigmund


Innate Abilities, Weirdness & Mutations

You are immune to sickness and miasma.
Your stone body is resilient. (AC +4)
You are immune to poison.
You resist negative energy. (rN+)
You are resistant to electric shocks. (rElec)
You are resistant to unholy torment.
You are immune to petrification.


Message History

The river rat bites you. The river rat barely misses you.
The river rat bites you but does no damage.
Your unstable footing causes you to fumble your attack.
The river rat bites you.
The river rat bites you but does no damage.
You are too injured to fight recklessly!
You are too injured to fight recklessly!
You are too injured to fight recklessly!
You barely miss the river rat.
The river rat is almost dead.
You barely miss the river rat. The river rat bites you.
* * * LOW HITPOINT WARNING * * *
The river rat misses you.
Your unstable footing causes you to fumble your attack.
The river rat closely misses you. The river rat bites you.
* * * LOW HITPOINT WARNING * * *
Unknown command.
Press: ? - help, v - describe, . - travel
Here: a river rat (water, lightly wounded) Some deep water.
Unknown command.
Unknown command.
Unknown command.
You don't know any spells.
Okay, then.
Unknown command.
It was a potion of curing.
You feel better. The river rat barely misses you.
The river rat closely misses you.
Your unstable footing causes you to fumble your attack.
The river rat bites you.
* * * LOW HITPOINT WARNING * * *
The river rat bites you.
* * * LOW HITPOINT WARNING * * *
The river rat bites you.
* * * LOW HITPOINT WARNING * * *
It was a potion of degeneration.
There was something very wrong with that liquid.
You feel weakened.
You feel dopey.
You feel clumsy. The river rat bites you.
You die...

..≈##
##..≈.##
≈≈≈≈#
#≈≈≈≈≈≈#
≈≈≈≈#
#≈≈≈≈≈≈#
≈≈≈≈#
#≈≈≈≈≈≈#
≈≈≈≈#
#≈≈≈≈≈≈#
≈†≈≈#
#≈≈≈≈≈≈#
#†.≈#
#≈≈≈≈≈≈#
≈≈≈≈#
#≈≈≈≈≈.#
≈≈≈≈#
#≈≈≈≈r@#
≈≈≈≈#
#≈≈≈≈†r#
≈≈≈≈#
#≈≈≈≈≈≈#
≈≈≈≈#
#≈≈≈≈≈≈#
≈≈≈≈#
#≈≈≈≈≈≈#
≈≈≈≈#
#≈≈≈≈≈≈#
≈≈≈≈#
#≈≈≈≈≈≈#
≈≈≈≈#
#≈≈≈≈≈≈#
.≈≈##
#..≈.≈.#


You could see 2 river rats.

Vanquished Creatures
  A centaur skeleton (D:2)
  3 river rats (D:3)
  3 adders (D:3)
  A worm (D:2)
  2 dart slugs (D:1)
  An orc (D:3)
  3 ball pythons
  5 endoplasms
  2 giant cockroaches
  7 goblins
  5 hobgoblins
  4 jackals (D:2)
  7 kobolds
  4 quokkas
  A bat (D:2)
  A frilled lizard (D:1)
  19 rats
69 creatures vanquished.

Notes
Turn   | Place    | Note
-------+----------+-------------------------------------------
     0 | Abyss:1  | Hector the Gargoyle Abyssal Knight began the quest for the
                  | Orb.
     0 | Abyss:1  | Reached XP level 1. HP: 14/14 MP: 2/2
    20 | D:1      | Escaped the Abyss
    99 | D:1      | Reached skill level 2 in Axes
   234 | D:1      | Reached XP level 2. HP: 18/19 MP: 3/3
   271 | D:1      | Found a faded altar of an unknown god.
   692 | D:1      | Reached skill level 3 in Axes
   700 | D:1      | Reached XP level 3. HP: 18/23 MP: 4/4
  1121 | D:2      | Reached XP level 4. HP: 22/28 MP: 5/5
  1262 | D:2      | Reached ** piety under Lugonu
  1273 | D:2      | Noticed Sigmund
  1635 | D:2      | Found Vyamn's Distillery.
  2556 | D:3      | Reached skill level 4 in Axes
  2559 | D:3      | Reached XP level 5. HP: 13/32 MP: 6/6
  2636 | D:3      | Found a glowing drain.
  2768 | Sewer    | Entered a sewer
  2959 | Sewer    | Slain by a river rat

Illustrated notes

Levels and vault maps discovered:
D:1:      tarquinn_simple_flora_water_e, layout_basic,
          hellmonk_ecumenical_altar_defaced_shrine
D:2:      minmay_door_path, layout_loops_ring, serial_shops, shop,
          roderic_roman_lattice, chequers_serial_rivers_micro_d, uniq_sigmund
D:3:      layout_basic, lemuel_coloured_pillars_altar, lightli_sewer_entry_pipes
Sewer:    sewer_minmay_w

Skill      XL: |  1  2  3  4 |
---------------+-------------+-----
Axes           | 2 3 4 |  4.3
Fighting       | |  3.5
Armour         | |  2.5
Dodging        | |  0.9
Shields        | |  0.9
Invocations    | |  2.4

Action                   |  1- 3 |  4- 6 || total
-------------------------+-------+-------++-------
Melee: Hand axe          |    67 |   180 ||   247
  Use: Potion            |       |     2 ||     2
Armor: Leather armour    |    31 |    39 ||    70
       Ring mail         |       |    54 ||    54
Dodge: Dodged            |    39 |   104 ||   143
Block: Buckler           |     3 |    19 ||    22

Table legend: (Time is in decaauts)
 A = Elapsed time spent in this place.
 B = Non-inter-level travel time spent in this place.
 C = Inter-level travel time spent in this place.
 D = Time resting spent in this place.
 E = Time spent auto-exploring this place.
 F = Levels seen in this place.
 G = Mean time per level.
                   A        B        C        D        E       F      G
               +--------+--------+--------+--------+--------+-----+--------+
         Total |   3049 |   2774 |    275 |    275 |   1478 |   5 |  609.8 |
       Dungeon |   2804 |   2529 |    275 |    236 |   1466 |   3 |  934.7 |
         Abyss |     20 |     20 |      0 |      0 |     12 |   1 |   20.0 |
         Sewer |    225 |    225 |      0 |     39 |      0 |   1 |  225.0 |
               +--------+--------+--------+--------+--------+-----+--------+

Top non-repeatable levels by time:
     D:1: 1291 daAuts
     D:2: 954 daAuts
     D:3: 559 daAuts
   Sewer: 225 daAuts
 Abyss:1: 20 daAuts
